[Event "EYCC Open-U14 2019"]
[Site "Bratislava"]
[Date "2019.08.09"]
[Round "8.22"]
[White "Vojta, Jakub"]
[Black "Poltorak, Sebastian"]
[Result "1/2-1/2"]
[ECO "B33"]
[WhiteElo "2238"]
[BlackElo "2068"]
[Annotator "NA"]
[PlyCount "86"]
[EventDate "2019.08.02"]
[EventType "swiss"]
[EventCountry "SVK"]
[SourceTitle "playchess.com"]
[Source "ChessBase"]
[SourceQuality "1"]
[TimeControl "40/5400+30:1800+30"]

1. e4 c5 2. Nf3 Nc6 3. d4 cxd4 4. Nxd4 Nf6 5. Nc3 e5 6. Ndb5 d6 7. Bg5 a6 8. Na3 b5 9. Nd5 Be7 10. Bxf6 Bxf6 11. c4 b4 12. Nc2 a5 13. g3 O-O 14. Bg2 Be6 15. O-O Rc8 16. b3 Bxd5 17. Qxd5 Nd4 18. Nxd4 exd4 19. Qh5 Rc5 20. Qd1 Qb6 21. Qd3 g6 22. f4 Re8 23. Rae1 Qa7 24. Kh1 Qd7 25. h4 h6 26. Kh2 Kg7 27. Rf2 Re7 28. Ref1 Kh7 29. Qf3 Qc8 30. Rd2 Bg7 31. Qf2 f5 32. exf5 Qxf5 33. Rfd1 Rcc7 34. Bf1 Re3 35. Bd3 Qc5 36. Re2 Rce7 37. Rxe3 Rxe3 38. g4 h5 39. Qg2 a4 40. g5 axb3 41. axb3 Qc8 42. Bb1 Qe6 43. Bd3 Qe7 1/2-1/2

[Event "EYCC Open-U14 2019"]
[Site "Bratislava"]
[Date "2019.08.09"]
[Round "8.23"]
[White "Razafindratsima, Timothe"]
[Black "Danaci, Ege"]
[Result "1-0"]
[ECO "B18"]
[WhiteElo "2178"]
[BlackElo "1976"]
[Annotator "NA"]
[PlyCount "79"]
[EventDate "2019.08.02"]
[EventType "swiss"]
[EventCountry "SVK"]
[SourceTitle "playchess.com"]
[Source "ChessBase"]
[SourceQuality "1"]
[TimeControl "40/5400+30:1800+30"]

1. e4 c6 2. d4 d5 3. Nc3 dxe4 4. Nxe4 Bf5 5. Ng3 Bg6 6. Nh3 e6 7. c3 Nf6 8. Nf4 Bd6 9. h4 Nd5 10. Nxd5 Bxg3 11. h5 Be4 12. Ne3 Bf4 13. Qg4 Qf6 14. f3 Bxe3 15. Bxe3 Bf5 16. Qf4 Nd7 17. g4 Bc2 18. Rh2 Qxf4 19. Bxf4 Ba4 20. c4 c5 21. d5 Nb6 22. b3 Bd7 23. Bd6 exd5 24. cxd5 O-O-O 25. Rc2 Nxd5 26. Rxc5+ Bc6 27. Bg3 Nb4 28. Rc3 Rhe8+ 29. Kf2 Rd2+ 30. Kg1 Rxa2 31. Rd1 Rc2 32. Rxc2 Nxc2 33. g5 Ne3 34. Bh3+ Re6 35. Re1 Nc2 36. g6 hxg6 37. hxg6 Kd8 38. Bh4+ Kc7 39. gxf7 Rg6+ 40. Kf2 1-0

[Event "EYCC Open-U14 2019"]
[Site "Bratislava"]
[Date "2019.08.09"]
[Round "8.24"]
[White "Unneland, Mathias"]
[Black "Bochnicka, Vladimir"]
[Result "0-1"]
[ECO "D27"]
[WhiteElo "1966"]
[BlackElo "2169"]
[Annotator "NA"]
[PlyCount "52"]
[EventDate "2019.08.02"]
[EventType "swiss"]
[EventCountry "SVK"]
[SourceTitle "playchess.com"]
[Source "ChessBase"]
[SourceQuality "1"]
[TimeControl "40/5400+30:1800+30"]

1. d4 d5 2. c4 dxc4 3. Nf3 Nf6 4. e3 e6 5. Bxc4 c5 6. O-O a6 7. Bb3 b5 8. a4 Bb7 9. axb5 axb5 10. Rxa8 Bxa8 11. Qe2 Nbd7 12. Qxb5 Bxf3 13. gxf3 cxd4 14. Rd1 Bd6 15. Rxd4 Qe7 16. Ba4 O-O 17. Qc6 Bb8 18. Bd2 Ne5 19. Qb6 Nd5 20. Rxd5 exd5 21. Bb4 Nxf3+ 22. Kf1 Qe4 23. Bxf8 Qc4+ 24. Kg2 Ne1+ 25. Kg1 Bxh2+ 26. Kxh2 Qg4 0-1

[Event "EYCC Open-U14 2019"]
[Site "Bratislava"]
[Date "2019.08.09"]
[Round "8.25"]
[White "Vaupot, Luka"]
[Black "Shoshin, Kirill"]
[Result "1-0"]
[ECO "E04"]
[WhiteElo "1939"]
[BlackElo "2089"]
[Annotator "NA"]
[PlyCount "89"]
[EventDate "2019.08.02"]
[EventType "swiss"]
[EventCountry "SVK"]
[SourceTitle "playchess.com"]
[Source "ChessBase"]
[SourceQuality "1"]
[TimeControl "40/5400+30:1800+30"]

1. d4 Nf6 2. c4 e6 3. Nf3 d5 4. g3 dxc4 5. Bg2 a6 6. a4 Nc6 7. O-O Rb8 8. a5 b5 9. axb6 cxb6 10. Bf4 Bd6 11. Ne5 Nb4 12. Bd2 Bd7 13. Nxc4 Bb5 14. Nxd6+ Qxd6 15. Bf4 Qd8 16. Bxb8 Qxb8 17. Nc3 Bd7 18. Qb3 Qd6 19. Rfd1 O-O 20. e4 Qe7 21. e5 Ng4 22. Ne4 a5 23. Nd6 f6 24. Nc4 fxe5 25. Nxe5 Nxe5 26. dxe5 Qf7 27. Rd2 Bc6 28. Bxc6 Nxc6 29. Qe3 Qf5 30. f4 Nb4 31. Qxb6 Nd5 32. Qxa5 Qg4 33. Rxd5 exd5 34. Qxd5+ Kh8 35. Ra8 Qf5 36. Rxf8+ Qxf8 37. Qd6 Qc8 38. e6 Qc1+ 39. Kg2 Qc2+ 40. Kh3 h5 41. Qf8+ Kh7 42. e7 Qd3 43. e8=Q Qf1+ 44. Kh4 g5+ 45. Kxg5 1-0

[Event "EYCC Open-U14 2019"]
[Site "Bratislava"]
[Date "2019.08.09"]
[Round "8.26"]
[White "Dzida, Kamil"]
[Black "Wernberg, Hugo"]
[Result "0-1"]
[ECO "B90"]
[WhiteElo "1987"]
[BlackElo "1963"]
[Annotator "NA"]
[PlyCount "120"]
[EventDate "2019.08.02"]
[EventType "swiss"]
[EventCountry "SVK"]
[SourceTitle "playchess.com"]
[Source "ChessBase"]
[SourceQuality "1"]
[TimeControl "40/5400+30:1800+30"]

1. e4 c5 2. Nf3 d6 3. d4 cxd4 4. Nxd4 Nf6 5. Nc3 a6 6. Be3 e6 7. g4 e5 8. Nf5 g6 9. Bg2 gxf5 10. exf5 Rg8 11. h3 Nc6 12. Bf3 d5 13. Nxd5 Nxd5 14. Bxd5 Qa5+ 15. c3 Qb5 16. Bb3 Be7 17. a4 Qa5 18. Qd3 Nd4 19. Bxd4 exd4 20. O-O-O Qb6 21. Qc4 Rg7 22. Rhe1 Bd7 23. Qxd4 Qxd4 24. Rxd4 f6 25. Rd6 O-O-O 26. Rd3 Bc6 27. Rxd8+ Bxd8 28. Bd1 Re7 29. Re3 Rxe3 30. fxe3 Kd7 31. Kd2 Kd6 32. Kd3 b5 33. axb5 axb5 34. Be2 Ke5 35. b4 Bb6 36. Bf1 h6 37. Kd2 Kd6 38. Kd3 Ke7 39. Kd2 Kd8 40. Kd3 Kd7 41. Kd2 Bc7 42. Kd3 Bd6 43. Kd2 Be5 44. Kc2 Be4+ 45. Bd3 Bc6 46. Bf1 Kc7 47. Kd2 Kb6 48. Kc2 Be4+ 49. Kb3 Bd5+ 50. Kc2 Bg3 51. Kd2 Be4 52. Ke2 Be5 53. Kd2 Kc6 54. c4 bxc4 55. Bxc4 Bg2 56. Ke2 Bd6 57. b5+ Kc5 58. Bd3 Bg3 59. Kd2 Bxh3 60. Be2 Bg2 0-1

[Event "EYCC Open-U14 2019"]
[Site "Bratislava"]
[Date "2019.08.09"]
[Round "8.27"]
[White "Liu, Casper"]
[Black "Briem, Benedikt"]
[Result "1-0"]
[ECO "C11"]
[WhiteElo "2194"]
[BlackElo "1901"]
[Annotator "NA"]
[PlyCount "56"]
[EventDate "2019.08.02"]
[EventType "swiss"]
[EventCountry "SVK"]
[SourceTitle "playchess.com"]
[Source "ChessBase"]
[SourceQuality "1"]
[TimeControl "40/5400+30:1800+30"]

1. e4 e6 2. Nf3 d5 3. Nc3 Nf6 4. e5 Nfd7 5. d4 c5 6. dxc5 Bxc5 7. Bd3 a6 8. Bf4 Nc6 9. a3 b5 10. Qe2 Qc7 11. Bg3 Nb6 12. O-O Bb7 13. Rfd1 O-O-O 14. a4 b4 15. a5 Nxa5 16. Rxa5 Nc4 17. Rxc5 Qxc5 18. Na4 Qc7 19. b3 Na3 20. Bf4 a5 21. Be3 d4 22. Bxd4 Bxf3 23. Qxf3 Rxd4 24. Bc4 Kd8 25. Ba6 Ke7 26. Rxd4 Rd8 27. Rxd8 Qxd8 28. Qb7+ Ke8 1-0

[Event "EYCC Open-U14 2019"]
[Site "Bratislava"]
[Date "2019.08.09"]
[Round "8.28"]
[White "Czernek, Tymon"]
[Black "Schouten, Mathias Lind"]
[Result "1-0"]
[ECO "B30"]
[WhiteElo "2003"]
[BlackElo "1961"]
[Annotator "NA"]
[PlyCount "129"]
[EventDate "2019.08.02"]
[EventType "swiss"]
[EventCountry "SVK"]
[SourceTitle "playchess.com"]
[Source "ChessBase"]
[SourceQuality "1"]
[TimeControl "40/5400+30:1800+30"]

1. e4 c5 2. Nf3 Nc6 3. d3 g6 4. g3 Bg7 5. Bg2 e6 6. O-O Nge7 7. c3 d5 8. Nbd2 O-O 9. Re1 b6 10. e5 Ba6 11. d4 Nf5 12. Nf1 cxd4 13. cxd4 Qd7 14. Ne3 Nxe3 15. Bxe3 Rfc8 16. a3 Na5 17. h4 Bc4 18. Nd2 Bd3 19. h5 Qb5 20. b4 Nc4 21. Nxc4 Bxc4 22. Qd2 Rc7 23. Bh6 Qe8 24. Bxg7 Kxg7 25. hxg6 hxg6 26. Bf3 Kf8 27. Kg2 Ke7 28. Rh1 Kd7 29. Rh7 Qe7 30. Rah1 Rf8 31. R1h6 Kc8 32. Bg4 Qe8 33. Qf4 Bd3 34. Qf6 Be4+ 35. Bf3 Bxf3+ 36. Qxf3 Kb7 37. Rh4 Qb5 38. Rg7 Rc1 39. Rxf7+ Rxf7 40. Qxf7+ Ka6 41. Rh1 Rxh1 42. Kxh1 Qf1+ 43. Kh2 g5 44. Qxe6 Qxf2+ 45. Kh3 Qxd4 46. Qc8+ Kb5 47. Qd7+ Kc4 48. Qf5 Qd1 49. Qxg5 d4 50. Qf4 Qe2 51. Qf7+ Kc3 52. e6 d3 53. e7 d2 54. e8=Q Qxe8 55. Qxe8 d1=Q 56. Qe3+ Kb2 57. g4 Qd7 58. Kg3 Qd6+ 59. Kf3 Qc6+ 60. Kf2 Qf6+ 61. Ke2 Qc6 62. g5 Qg2+ 63. Kd3 Kxa3 64. Qc1+ Kb3 65. Qc3+ 1-0

[Event "EYCC Open-U14 2019"]
[Site "Bratislava"]
[Date "2019.08.09"]
[Round "8.29"]
[White "Grahn, Vidar"]
[Black "Jun, Rudolf Jr."]
[Result "0-1"]
[ECO "B83"]
[WhiteElo "1980"]
[BlackElo "2200"]
[Annotator "NA"]
[PlyCount "94"]
[EventDate "2019.08.02"]
[EventType "swiss"]
[EventCountry "SVK"]
[SourceTitle "playchess.com"]
[Source "ChessBase"]
[SourceQuality "1"]
[TimeControl "40/5400+30:1800+30"]

1. e4 c5 2. Nf3 e6 3. d4 cxd4 4. Nxd4 Nf6 5. Nc3 d6 6. Be2 Be7 7. O-O a6 8. f4 Qc7 9. Kh1 O-O 10. a4 Nbd7 11. Be3 b6 12. Bf3 Bb7 13. Nb3 Rac8 14. g4 Nc5 15. Nxc5 bxc5 16. g5 Nd7 17. Qe2 Rfe8 18. Qg2 Nb6 19. b3 d5 20. a5 dxe4 21. Nxe4 Nd5 22. Bc1 Ba8 23. c4 Nxf4 24. Bxf4 Qxf4 25. Nf6+ Bxf6 26. gxf6 Qh6 27. fxg7 Qg6 28. Bxa8 Rxa8 29. Qf2 Qe4+ 30. Kg1 Qd4 31. Rad1 Qxf2+ 32. Rxf2 Re7 33. Rd6 Kxg7 34. Rc6 f5 35. Rxc5 Kf6 36. Rc6 Kg5 37. c5 e5 38. Rd6 e4 39. Kf1 e3 40. h4+ Kg4 41. Rd4+ Kg3 42. Rxf5 e2+ 43. Ke1 Rae8 44. c6 Re3 45. Rfd5 Rf8 46. Rg5+ Kh2 47. Rdg4 Rf1+ 0-1

[Event "EYCC Open-U14 2019"]
[Site "Bratislava"]
[Date "2019.08.09"]
[Round "8.30"]
[White "Pegno, Mattia"]
[Black "Cappelletto, Joshuaede"]
[Result "0-1"]
[ECO "B92"]
[WhiteElo "1821"]
[BlackElo "2138"]
[Annotator "NA"]
[PlyCount "102"]
[EventDate "2019.08.02"]
[EventType "swiss"]
[EventCountry "SVK"]
[SourceTitle "playchess.com"]
[Source "ChessBase"]
[SourceQuality "1"]
[TimeControl "40/5400+30:1800+30"]

1. e4 c5 2. Nf3 d6 3. d4 cxd4 4. Nxd4 Nf6 5. Nc3 a6 6. Be2 e5 7. Nb3 Be7 8. O-O O-O 9. Be3 Be6 10. f3 Qc7 11. Qd2 Nbd7 12. Rfd1 Nb6 13. Kh1 Rfd8 14. Bxb6 Qxb6 15. Nd5 Nxd5 16. exd5 Bf5 17. Bd3 Bd7 18. c4 Kh8 19. Qa5 Qf2 20. Qd2 Qh4 21. Na5 Bg5 22. Qe1 Qh6 23. b3 Rab8 24. Rab1 f5 25. Rb2 Rf8 26. b4 Be3 27. Re2 f4 28. Rxe3 fxe3 29. Be4 Bf5 30. Bxf5 Rxf5 31. Rd3 e4 32. Rxe3 exf3 33. Rxf3 Rxf3 34. gxf3 b6 35. Nc6 Rf8 36. Nd4 Qf4 37. Qg1 h6 38. a3 Rc8 39. Qxg7+ Kxg7 40. Ne6+ Kf7 41. Nxf4 Rxc4 42. Ne2 Rc2 43. Ng3 Kf6 44. f4 Ra2 45. Ne4+ Kf5 46. Nxd6+ Kxf4 47. Nf7 Kf3 48. Ne5+ Ke4 49. Nd7 Rxa3 50. Nxb6 Kf3 51. h4 Kg3 0-1

[Event "EYCC Open-U14 2019"]
[Site "Bratislava"]
[Date "2019.08.09"]
[Round "8.31"]
[White "Fardet, Elouan"]
[Black "Sahakyan, Aleks"]
[Result "0-1"]
[ECO "B91"]
[WhiteElo "2047"]
[BlackElo "1856"]
[Annotator "NA"]
[PlyCount "72"]
[EventDate "2019.08.02"]
[EventType "swiss"]
[EventCountry "SVK"]
[SourceTitle "playchess.com"]
[Source "ChessBase"]
[SourceQuality "1"]
[TimeControl "40/5400+30:1800+30"]

1. e4 c5 2. Nf3 d6 3. d4 cxd4 4. Nxd4 Nf6 5. Nc3 a6 6. g3 e5 7. Nde2 Be6 8. Bg2 b5 9. h3 h5 10. O-O Nbd7 11. Nd5 Bxd5 12. exd5 Rc8 13. Be3 Nb6 14. b3 Be7 15. Qd2 Qc7 16. Rfc1 O-O 17. a4 bxa4 18. Bxb6 Qxb6 19. Rxa4 Nd7 20. Qa5 Bg5 21. Rca1 Qxa5 22. Rxa5 Rxc2 23. Kf1 Nc5 24. Rb1 Rb8 25. Ra3 Bd2 26. f4 Bb4 27. Raa1 f6 28. f5 a5 29. Bf3 Bd2 30. Ra3 a4 31. b4 Rxb4 32. Raa1 a3 33. Rxb4 Bxb4 34. Bxh5 a2 35. Nc1 Rxc1+ 36. Rxc1 Bc3 0-1

[Event "EYCC Open-U14 2019"]
[Site "Bratislava"]
[Date "2019.08.09"]
[Round "8.32"]
[White "Putar, Leon"]
[Black "Creanga, Robert-Ionut"]
[Result "0-1"]
[ECO "B00"]
[WhiteElo "1742"]
[BlackElo "2024"]
[Annotator "NA"]
[PlyCount "80"]
[EventDate "2019.08.02"]
[EventType "swiss"]
[EventCountry "SVK"]
[SourceTitle "playchess.com"]
[Source "ChessBase"]
[SourceQuality "1"]
[TimeControl "40/5400+30:1800+30"]

1. e4 d6 2. d4 Nf6 3. Bd3 e5 4. c3 d5 5. dxe5 Nxe4 6. Nf3 Nc6 7. O-O Bg4 8. Bf4 Be7 9. h3 Bh5 10. Re1 Nc5 11. Bc2 O-O 12. Bg3 Ne6 13. Nbd2 Ng5 14. h4 Ne6 15. Nf1 Bc5 16. Ne3 Ne7 17. Qd2 c6 18. Nd4 Bxd4 19. cxd4 Qb6 20. f4 Qxd4 21. Qf2 g6 22. Bh2 Qb4 23. f5 d4 24. Nf1 gxf5 25. Ng3 Bg4 26. Nxf5 Bxf5 27. Bxf5 Nxf5 28. Qxf5 Qe7 29. Re4 Kh8 30. Rf1 c5 31. b3 Rad8 32. h5 Qg5 33. Qf3 Rg8 34. g4 Rd7 35. Bg3 h6 36. Qf2 d3 37. Bh4 Qxh5 38. Qg3 Qg6 39. Qe3 Rd4 40. Rf6 Rxe4 0-1

[Event "EYCC Open-U14 2019"]
[Site "Bratislava"]
[Date "2019.08.09"]
[Round "8.33"]
[White "Pozzari, Simone"]
[Black "Antal, Hunor-Zoltan"]
[Result "0-1"]
[ECO "C18"]
[WhiteElo "2179"]
[BlackElo "1980"]
[Annotator "NA"]
[PlyCount "78"]
[EventDate "2019.08.02"]
[EventType "swiss"]
[EventCountry "SVK"]
[SourceTitle "playchess.com"]
[Source "ChessBase"]
[SourceQuality "1"]
[TimeControl "40/5400+30:1800+30"]

1. e4 e6 2. d4 d5 3. Nc3 Bb4 4. e5 c5 5. Qg4 Ne7 6. a3 Bxc3+ 7. bxc3 O-O 8. Bd3 c4 9. Bh6 Ng6 10. Bxg6 hxg6 11. Bd2 Qe8 12. f4 f6 13. Nf3 Nd7 14. O-O b5 15. Rae1 a5 16. Nh4 fxe5 17. fxe5 Rxf1+ 18. Rxf1 Nf8 19. Rf3 Ra7 20. Rg3 Rc7 21. Nxg6 Nxg6 22. Qh5 Qf8 23. Qxg6 Rf7 24. h4 Rf1+ 25. Kh2 Qf7 26. Qg4 Kh7 27. Be3 Bd7 28. Qe2 Rf5 29. Rh3 Be8 30. g4 Rf1 31. h5 Ra1 32. Rf3 Qe7 33. Qf2 Rxa3 34. Bf4 b4 35. Rh3 Rxc3 36. Rxc3 bxc3 37. Qg3 a4 38. g5 Bxh5 39. Qxc3 Qf7 0-1

[Event "EYCC Open-U14 2019"]
[Site "Bratislava"]
[Date "2019.08.09"]
[Round "8.34"]
[White "Meskenas, Paulius"]
[Black "Fernandez Lopez, Ruben"]
[Result "0-1"]
[ECO "B90"]
[WhiteElo "2040"]
[BlackElo "2207"]
[Annotator "NA"]
[PlyCount "94"]
[EventDate "2019.08.02"]
[EventType "swiss"]
[EventCountry "SVK"]
[SourceTitle "playchess.com"]
[Source "ChessBase"]
[SourceQuality "1"]
[TimeControl "40/5400+30:1800+30"]

1. e4 c5 2. Nf3 d6 3. d4 cxd4 4. Nxd4 Nf6 5. Nc3 a6 6. Bc4 e6 7. Bb3 Nbd7 8. O-O Nc5 9. Qf3 Be7 10. Bg5 O-O 11. Rad1 Qc7 12. Rfe1 b5 13. a3 Bb7 14. Ba2 Nfxe4 15. Bxe7 Nxc3 16. Qxc3 Qxe7 17. Nf5 Qg5 18. Ng3 Rfd8 19. b4 Na4 20. Qc7 Bd5 21. Bxd5 exd5 22. Qb7 Nc3 23. Rd3 Rac8 24. h4 Qg6 25. Qe7 Ne4 26. Nxe4 dxe4 27. Rxe4 h6 28. Rg3 Qf5 29. Reg4 g6 30. Rf3 Rd7 31. Rxf5 Rxe7 32. Rf6 Rxc2 33. Rxd6 Re1+ 34. Kh2 Rxf2 35. Rxa6 h5 36. Rg5 Re4 37. Rxb5 Rxh4+ 38. Kg3 Rhf4 39. Rb8+ Kg7 40. b5 h4+ 41. Kh3 Rb2 42. b6 Rb3+ 43. Kh2 Rf2 44. Ra4 h3 45. Rg4 hxg2 46. a4 Rbb2 47. b7 Rfc2 0-1

[Event "EYCC Open-U14 2019"]
[Site "Bratislava"]
[Date "2019.08.09"]
[Round "8.35"]
[White "Papidakis, Georgios"]
[Black "Stamatiou, Rodolfos"]
[Result "0-1"]
[ECO "A46"]
[WhiteElo "1888"]
[BlackElo "2121"]
[Annotator "NA"]
[PlyCount "106"]
[EventDate "2019.08.02"]
[EventType "swiss"]
[EventCountry "SVK"]
[SourceTitle "playchess.com"]
[Source "ChessBase"]
[SourceQuality "1"]
[TimeControl "40/5400+30:1800+30"]

1. d4 Nf6 2. Nf3 e6 3. Bg5 h6 4. Bh4 d6 5. Nbd2 g5 6. Bg3 Nh5 7. e4 Bg7 8. c3 Nd7 9. Nc4 Qe7 10. Nfd2 Nxg3 11. hxg3 b6 12. Ne3 Bb7 13. Be2 O-O-O 14. a4 a5 15. Qc2 Rde8 16. Qd3 Rhf8 17. f3 f5 18. O-O-O Nb8 19. Qc2 Nc6 20. Rde1 f4 21. gxf4 gxf4 22. Ng4 Qg5 23. Bf1 h5 24. Nf2 Kb8 25. Nb1 Na7 26. Na3 Rc8 27. Nc4 d5 28. exd5 exd5 29. Ne5 Rfe8 30. Nh3 Qg3 31. Bd3 Nc6 32. Nxc6+ Bxc6 33. Rxe8 Rxe8 34. b3 Re3 35. Kb2 Rxd3 36. Nxf4 Re3 37. Nxh5 Qg5 38. Nxg7 Qxg7 39. Rh7 Qf8 40. Kc1 Re1+ 41. Kd2 Qe8 42. Rh8 Re2+ 43. Kd1 Rxc2 44. Rxe8+ Bxe8 45. Kxc2 Bg6+ 46. Kd2 Kc8 47. c4 dxc4 48. bxc4 Be8 49. g4 Bxa4 50. c5 b5 51. g5 Bb3 52. f4 c6 53. f5 Kd7 0-1

[Event "EYCC Open-U14 2019"]
[Site "Bratislava"]
[Date "2019.08.09"]
[Round "8.36"]
[White "Dahl, Max"]
[Black "Droin, Augustin"]
[Result "1/2-1/2"]
[ECO "B50"]
[WhiteElo "1981"]
[BlackElo "2172"]
[Annotator "NA"]
[PlyCount "40"]
[EventDate "2019.08.02"]
[EventType "swiss"]
[EventCountry "SVK"]
[SourceTitle "playchess.com"]
[Source "ChessBase"]
[SourceQuality "1"]
[TimeControl "40/5400+30:1800+30"]

1. e4 c5 2. Nf3 d6 3. Nc3 Nf6 4. e5 dxe5 5. Nxe5 a6 6. g3 Qc7 7. d4 cxd4 8. Qxd4 Nc6 9. Nxc6 Qxc6 10. Bg5 Bg4 11. Bxf6 gxf6 12. Qxg4 Qxh1 13. Qa4+ b5 14. Nxb5 axb5 15. Qxb5+ Kd8 16. O-O-O+ Kc7 17. Qd7+ Kb6 18. Qb5+ Kc7 19. Qd7+ Kb6 20. Qb5+ Kc7 1/2-1/2

[Event "EYCC Open-U14 2019"]
[Site "Bratislava"]
[Date "2019.08.09"]
[Round "8.37"]
[White "Krupa, Miroslav"]
[Black "Titze, Leo"]
[Result "1/2-1/2"]
[ECO "B38"]
[WhiteElo "2114"]
[BlackElo "1919"]
[Annotator "NA"]
[PlyCount "109"]
[EventDate "2019.08.02"]
[EventType "swiss"]
[EventCountry "SVK"]
[SourceTitle "playchess.com"]
[Source "ChessBase"]
[SourceQuality "1"]
[TimeControl "40/5400+30:1800+30"]

1. e4 c5 2. Nf3 Nc6 3. d4 cxd4 4. Nxd4 g6 5. c4 Bg7 6. Be3 Nf6 7. Nc3 O-O 8. Be2 d6 9. O-O Bd7 10. Qd2 Nxd4 11. Bxd4 Bc6 12. f3 Nd7 13. Be3 a5 14. b3 Nc5 15. Rab1 Qb6 16. Rfc1 Rfc8 17. Rc2 Qb4 18. Qc1 Qb6 19. a3 Qd8 20. Bf1 Ne6 21. Qd2 h5 22. Nd5 Bxd5 23. exd5 Nc5 24. b4 axb4 25. axb4 Nd7 26. c5 Ra3 27. c6 Nb6 28. Rbc1 bxc6 29. dxc6 Qc7 30. b5 d5 31. Bc5 Raa8 32. Qe3 d4 33. Qxe7 Qxe7 34. Bxe7 Bh6 35. Rd1 Nd5 36. Bc5 Ne3 37. Rcc1 Nxf1 38. Kxf1 Bxc1 39. Rxc1 Rab8 40. Bxd4 Rxb5 41. c7 Rd5 42. Rb1 Rd7 43. Be5 Re7 44. Bd6 Ree8 45. g4 hxg4 46. fxg4 f6 47. Kf2 Kf7 48. Kf3 Ke6 49. Bg3 g5 50. Rd1 Ra8 51. Rd3 Rf8 52. Rd6+ Ke7 53. Rd3 Rfc8 54. Re3+ Kf7 55. Rd3 1/2-1/2

[Event "EYCC Open-U14 2019"]
[Site "Bratislava"]
[Date "2019.08.09"]
[Round "8.38"]
[White "Ochedzan, Tymon"]
[Black "Jares, Michal"]
[Result "1/2-1/2"]
[ECO "B76"]
[WhiteElo "2037"]
[BlackElo "1974"]
[Annotator "NA"]
[PlyCount "99"]
[EventDate "2019.08.02"]
[EventType "swiss"]
[EventCountry "SVK"]
[SourceTitle "playchess.com"]
[Source "ChessBase"]
[SourceQuality "1"]
[TimeControl "40/5400+30:1800+30"]

1. e4 c5 2. Nf3 d6 3. d4 cxd4 4. Nxd4 Nf6 5. Nc3 g6 6. Be3 Bg7 7. f3 O-O 8. Qd2 d5 9. e5 Ne8 10. f4 Nc6 11. Be2 f6 12. Bf3 Nxd4 13. Bxd4 fxe5 14. fxe5 e6 15. O-O-O Qh4 16. g3 Qh6 17. Be3 Qh3 18. Bf4 Rxf4 19. Bg2 Rd4 20. Bxh3 Rxd2 21. Kxd2 Bxe5 22. Rhe1 Nd6 23. Bf1 Bg7 24. Kc1 Nf5 25. Kb1 Bd7 26. Nb5 Rb8 27. g4 Nh4 28. h3 a6 29. Nd6 Nf3 30. Re3 Rf8 31. Bg2 Nh4 32. Bh1 b5 33. c3 b4 34. Nb7 bxc3 35. Nc5 Rb8 36. b3 c2+ 37. Kxc2 Rc8 38. b4 Ba4+ 39. Kd2 Bxd1 40. Kxd1 Bd4 41. Rxe6 Bxc5 42. bxc5 Rxc5 43. Rxa6 Rc3 44. Bxd5+ Kg7 45. Ra7+ Kh6 46. Bg8 Rxh3 47. Rxh7+ Kg5 48. Be6 Re3 49. Bd7 Ra3 50. Be6 1/2-1/2

[Event "EYCC Open-U14 2019"]
[Site "Bratislava"]
[Date "2019.08.09"]
[Round "8.39"]
[White "Maldonado Mena, German"]
[Black "Popov, Maksim M."]
[Result "0-1"]
[ECO "A57"]
[WhiteElo "1822"]
[BlackElo "2152"]
[Annotator "NA"]
[PlyCount "112"]
[EventDate "2019.08.02"]
[EventType "swiss"]
[EventCountry "SVK"]
[SourceTitle "playchess.com"]
[Source "ChessBase"]
[SourceQuality "1"]
[TimeControl "40/5400+30:1800+30"]

1. d4 Nf6 2. c4 c5 3. d5 b5 4. cxb5 a6 5. e3 e6 6. Nc3 Qb6 7. a4 axb5 8. Bxb5 exd5 9. Nxd5 Nxd5 10. Qxd5 Bb7 11. Qe5+ Qe6 12. Qxe6+ fxe6 13. Nf3 Be7 14. Bd2 O-O 15. Ke2 Bf6 16. Rac1 Be7 17. Bc3 Nc6 18. Rhd1 d6 19. Ne1 Ba6 20. Nd3 Bxb5 21. axb5 Na7 22. Nf4 Kf7 23. Bxg7 Kxg7 24. Nxe6+ Kf7 25. Nxf8 Rxf8 26. Rc4 Rb8 27. b4 Rxb5 28. bxc5 dxc5 29. Rf4+ Ke8 30. Ra1 Rb7 31. Ra6 Rc7 32. Kd3 Nc6 33. Ra8+ Nd8 34. Kc4 Kd7 35. Kd5 h6 36. Ra6 Nc6 37. Kc4 Rb7 38. Rf5 Rb4+ 39. Kd5 Rb1 40. Kc4 Rc1+ 41. Kb5 Rb1+ 42. Kc4 Rb4+ 43. Kc3 Rh4 44. h3 Re4 45. Rf7 Kd6 46. Kd3 Re6 47. f4 Kd7 48. Kd2 Rd6+ 49. Kc3 Re6 50. Kd2 c4 51. f5 Rd6+ 52. Kc3 Ke8 53. Rh7 Rd3+ 54. Kxc4 Ne5+ 55. Kb5 Rb3+ 56. Ka4 Rb4+ 0-1

[Event "EYCC Open-U14 2019"]
[Site "Bratislava"]
[Date "2019.08.09"]
[Round "8.40"]
[White "Nareks, Matic"]
[Black "Hak, David"]
[Result "1-0"]
[ECO "C03"]
[WhiteElo "1937"]
[BlackElo "2012"]
[Annotator "NA"]
[PlyCount "117"]
[EventDate "2019.08.02"]
[EventType "swiss"]
[EventCountry "SVK"]
[SourceTitle "playchess.com"]
[Source "ChessBase"]
[SourceQuality "1"]
[TimeControl "40/5400+30:1800+30"]

1. e4 e6 2. d4 d5 3. Nd2 a6 4. Ngf3 c5 5. exd5 exd5 6. Be2 Nc6 7. O-O Nf6 8. Re1 Be7 9. dxc5 O-O 10. Nb3 Ne4 11. Be3 Be6 12. c3 Rc8 13. Nfd4 Ne5 14. Nxe6 fxe6 15. Bd4 Nd7 16. Bg4 Rc6 17. f3 Ng5 18. h4 Nf7 19. Bxe6 Bxh4 20. Bf2 Bxf2+ 21. Kxf2 Nxc5 22. Bxd5 Rd6 23. c4 Qb6 24. Re3 Rfd8 25. Qd4 Nxb3 26. Qxb6 Rxb6 27. Rxb3 Rxb3 28. axb3 Kf8 29. Re1 b5 30. Ra1 Rd6 31. Ke3 Ne5 32. Kd4 Nd7 33. c5 Rg6 34. c6 Nb8 35. c7 Nc6+ 36. Kc5 Na7 37. Re1 Rxg2 38. Kb6 Nc8+ 39. Kb7 Nd6+ 40. Kc6 Nc8 41. Kd7 Nb6+ 42. Kd8 g5 43. Re8+ Kg7 44. Re7+ Kf8 45. Rf7+ Kg8 46. Rf6+ Nxd5 47. c8=Q Nxf6 48. Ke7+ Kg7 49. Qf8+ Kg6 50. Qxf6+ Kh5 51. Qf7+ Kh4 52. Qxh7+ Kg3 53. Qf5 Re2+ 54. Kd6 Re3 55. b4 Rxf3 56. Qxg5+ Kf2 57. Kc5 Rb3 58. Kb6 Rxb2 59. Qf6+ 1-0

[Event "EYCC Open-U14 2019"]
[Site "Bratislava"]
[Date "2019.08.09"]
[Round "8.41"]
[White "Frank, Adam"]
[Black "Adamia, Jaba"]
[Result "1-0"]
[ECO "B43"]
[WhiteElo "2125"]
[BlackElo "1819"]
[Annotator "NA"]
[PlyCount "69"]
[EventDate "2019.08.02"]
[EventType "swiss"]
[EventCountry "SVK"]
[SourceTitle "playchess.com"]
[Source "ChessBase"]
[SourceQuality "1"]
[TimeControl "40/5400+30:1800+30"]

1. e4 c5 2. Nf3 e6 3. d4 cxd4 4. Nxd4 a6 5. Nc3 Qc7 6. Bd3 Nf6 7. f4 d6 8. Qf3 g6 9. O-O Bg7 10. Kh1 O-O 11. f5 Nc6 12. Nxc6 bxc6 13. Bg5 Rb8 14. e5 dxe5 15. Bxf6 Bxf6 16. Ne4 exf5 17. Nxf6+ Kg7 18. Nh5+ gxh5 19. Bxf5 Bxf5 20. Qxf5 f6 21. b3 Qf7 22. Rae1 Rbd8 23. Re3 Kh8 24. h3 Qg6 25. Qf2 Qh6 26. c4 Rde8 27. Rfe1 Re6 28. b4 Rfe8 29. c5 Qf8 30. Qb2 Rb8 31. a3 Qxc5 32. Qe2 Qb5 33. Qxh5 a5 34. Qf7 Rbe8 35. Rg3 1-0